 Dungeon Crawl Stone Soup version 0.21.1-1-g345015f (webtiles) character file.

14210 zishaf the Fighter (level 11, -1/93 HPs)
             Began as a Demonspawn Fighter on May 12, 2018.
             Was a High Priest of Makhleb.
             Slain by a meliai
             ... wielding a +0 war axe
              (6 damage)
             ... on level 12 of the Dungeon.
             The game lasted 00:31:27 (12000 turns).

zishaf the Fighter (Demonspawn Fighter)            Turns: 12000, Time: 00:31:28

Health: -1/93      AC: 22    Str: 22    XL:     11   Next: 85%
Magic:  16/16      EV:  7    Int: 10    God:    Makhleb [*****.]
Gold:   298        SH:  9    Dex: 13    Spells: 10/10 levels left

rFire    + . .     SeeInvis .   s - +2 long sword (elec)
rCold    . . .     Gourm    .   c - +0 shield
rNeg     . . .     Faith    +   x - +0 plate armour
rPois    +         Spirit   .   F - +2 hat
rElec    .         Reflect  .   K - +0 cloak
rCorr    .         Harm     .   A - +2 pair of gloves {Str+3}
MR       .....                  (no boots)
Stlth    ..........             I - amulet of faith
HPRegen  0.25/turn              h - ring of poison resistance
MPRegen  0.15/turn              (no ring)

@: no status effects
A: antennae 1, fangs 1, hooves 1, rugged brown scales 2, fire resistance 1,
nightstalker 1, spiny 1
a: Minor Destruction, Lesser Servant of Makhleb, Major Destruction, Greater
Servant of Makhleb, Renounce Religion


You were on level 12 of the Dungeon.
You worshipped Makhleb.
Makhleb was extremely pleased with you.
You were not hungry.

You visited 1 branch of the dungeon, and saw 12 of its levels.

You collected 534 gold pieces.
You spent 236 gold pieces at shops.

Inventory:

Hand Weapons
 a - a +1 war axe
 s - a +2 long sword of electrocution (weapon)
 G - a +2 long sword of distortion
Armour
 c - a +0 shield (worn)
 x - a +0 plate armour (worn)
 A - a +2 pair of gloves of strength (worn)
 F - a +2 hat (worn)
 K - a +0 cloak (worn)
Jewellery
 h - a ring of poison resistance (left hand)
 n - an uncursed ring of ice
 q - an uncursed ring of ice
 I - an amulet of faith (around neck)
Wands
 v - a wand of paralysis (33)
Scrolls
 b - a scroll of random uselessness {unknown}
 d - 2 scrolls of enchant armour {unknown}
 g - 2 scrolls of noise {unknown}
 i - a scroll of immolation
 j - 8 scrolls of remove curse
 m - a scroll of fear {unknown}
 p - 2 scrolls of enchant weapon
 r - 3 scrolls of teleportation {unknown}
 w - a scroll of brand weapon
 B - a scroll of vulnerability {unknown}
 C - a scroll of magic mapping {unknown}
 D - a scroll of amnesia
 E - a scroll of summoning {unknown}
 J - a scroll of torment {unknown}
Potions
 e - 3 potions of curing
 k - a potion of invisibility
 l - 4 potions of ambrosia
 o - a potion of haste
 u - a potion of flight {unknown}
 z - 2 potions of resistance
Miscellaneous
 L - a lamp of fire (inert)
 M - a fan of gales
Comestibles
 f - 20 rations
 H - 3 chunks of flesh


   Skills:
 - Level 9.1 Fighting
 * Level 8.6 Long Blades
 - Level 7.2 Axes
 + Level 7.4 Armour
 - Level 6.0 Dodging
 - Level 2.6 Shields
 - Level 7.1 Invocations
 - Level 5.0 Evocations


You had 10 spell levels left.
You didn't know any spells.

Dungeon Overview and Level Annotations

Branches:
Dungeon (12/15)            Temple (0/1) D:6            Lair (0/6) D:10
    Orc (0/2) D:12

Altars:
Cheibriados
Fedhas
Gozag
Makhleb
Nemelex Xobeh
Okawaru
Vehumet
Xom
The Shining One

Shops:
D:5 [   D:6 [   D:7 [   D:11 (

Annotations:
D:3 exclusion: oklob plant
D:10 exclusion: oklob plant


Innate Abilities, Weirdness & Mutations

You have a pair of small antennae on your head.
You are mostly covered in rugged brown scales. (AC +2, +5% HP)
You are slightly more attuned to the shadows.
You are partially covered in sharp spines.
You have very sharp teeth.
You have large cloven feet.
Your flesh is heat resistant. (rF+)


Message History

The killer bee is moderately wounded.
The killer bee is struck by your spines.
The killer bee stings you.
* * * LOW HITPOINT WARNING * * *
The killer bee is struck by your spines.
The killer bee stings you.
* * * LOW HITPOINT WARNING * * *
You feel better.
The killer bee is struck by your spines.
The killer bee barely misses you.
The meliai invokes the aid of its god against you.
Something smites you!
* * * LOW HITPOINT WARNING * * *
The killer bee is struck by your spines.
The killer bee stings you but does no damage.
The killer bee closely misses you.
You riposte.
You closely miss the killer bee. Your kick misses the killer bee.
The killer bee is almost dead.
You block the meliai's attack. The meliai stings you.
You die...

#####'#####
##'#
#.........#
#...
#.........#
#...
#.........+
#...
#.........#
+...
#.........#
#...
#.........#
#...
#.........#
#...
#y@y......#
####
##y########
#...########
###.y.y.yy.#
########y###
{ #.{{y.# %
#.#.#.###.y
#.#.#.')'yy
# #.#####yy


You could see a meliai and 2 killer bees.

Vanquished Creatures
  A hydra (D:11)
  2 two-headed ogres
  An ugly thing (D:11)
  2 cyclopes
  2 centaur zombies (D:11)
  The ghost of wotkd0121004 the Sneak, a novice OpEE of Ashenzari (D:5)
  2 meliai (D:12)
  A queen bee (D:12)
  Prince Ribbit (D:6)
  2 hornets (D:11)
  Grinder (D:5)
  4 hippogriffs
  A centaur simulacrum (D:10)
  4 wyverns
  2 wraiths
  A yak (D:10)
  A soldier ant (D:11)
  2 black bears
  4 orc warriors
  A necrophage (D:12)
  A hornet zombie (D:7)
  3 phantoms
  3 sky beasts
  3 ice beasts
  7 ogres
  2 wolves (D:10)
  7 centaurs
  4 bullfrogs
  2 wyvern zombies
  A water moccasin skeleton (D:10)
  4 scorpions
  22 killer bees
  5 wights (D:11)
  7 howler monkeys
  6 crimson imps
  2 bullfrog zombies
  4 jellies
  3 hounds
  A quasit (D:7)
  2 bullfrog skeletons
  2 gnoll shamans
  6 orc priests
  6 iguanas
  Jessica (D:3)
  11 orc wizards
  10 worker ants
  A spectral worker ant (D:11)
  2 hound skeletons
  A hound zombie (D:8)
  A worker ant zombie (D:5)
  10 gnolls
  A howler monkey skeleton (D:4)
  7 adders
  A shadow imp (D:12)
  2 white imps (D:10)
  An ooze (D:2)
  An adder skeleton (D:6)
  6 worms
  4 leopard geckos
  39 orcs
  7 bats
  7 giant cockroaches
  4 goblins
  5 hobgoblins
  7 jackals
  3 quokkas
  3 frilled lizards
  2 jackal skeletons
  8 kobolds
  A leopard gecko zombie (D:5)
  A quokka skeleton (D:7)
  7 rats
293 creatures vanquished.

Vanquished Creatures (collateral kills)
  A killer bee (D:12)
1 creature vanquished.

Vanquished Creatures (others)
  4 plants (D:10)
4 creatures vanquished.

Grand Total: 298 creatures vanquished

Notes
Turn   | Place    | Note
-------+----------+-------------------------------------------
     0 | D:1      | zishaf the Demonspawn Fighter began the quest for the Orb.
     0 | D:1      | Reached XP level 1. HP: 18/18 MP: 1/1
    99 | D:1      | Gained mutation: You are partially covered in rugged brown scales. (AC +1, +3% HP) [demonic ancestry]
    99 | D:1      | Reached XP level 2. HP: 16/24 MP: 2/2
   845 | D:2      | Gained mutation: You are slightly more attuned to the shadows. [demonic ancestry]
   845 | D:2      | Reached XP level 3. HP: 29/29 MP: 3/3
  1214 | D:2      | Gained mutation: You are mostly covered in rugged brown scales. (AC +2, +5% HP) [demonic ancestry]
  1214 | D:2      | Reached XP level 4. HP: 26/36 MP: 4/4
  1421 | D:2      | Found a faded altar of an unknown god.
  1797 | D:2      | Found an opulent altar of Gozag.
  2010 | D:2      | Became a worshipper of Vehumet
  2010 | D:2      | Reached * piety under Vehumet
  2010 | D:2      | Offered knowledge of Freeze by Vehumet.
  2011 | D:2      | Fell from the grace of Vehumet
  2137 | D:3      | Found a glowing golden altar of the Shining One.
  2325 | D:3      | You fall through a shaft!
  2589 | D:3      | Found a blossoming altar of Fedhas.
  2601 | D:3      | Noticed an oklob plant
  2710 | D:3      | Reached XP level 5. HP: 32/43 MP: 5/5
  2711 | D:3      | Reached skill level 5 in Axes
  2984 | D:3      | Noticed Jessica
  2989 | D:3      | Killed Jessica
  3188 | D:4      | Gained mutation: You are partially covered in sharp spines. [demonic ancestry]
  3188 | D:4      | Reached XP level 6. HP: 44/49 MP: 6/6
  3627 | D:4      | Gained mutation: You have a pair of small antennae on your head. [demonic ancestry]
  3627 | D:4      | Reached XP level 7. HP: 54/54 MP: 7/7
  3904 | D:4      | Reached skill level 4 in Fighting
  4183 | D:4      | Found an iron altar of Okawaru.
  4183 | D:4      | Found a burning altar of Makhleb.
  4184 | D:4      | Found a snail-covered altar of Cheibriados.
  4202 | D:4      | Became a worshipper of Makhleb the Destroyer
  4359 | D:4      | Found a shimmering altar of Xom.
  4436 | D:5      | Entered Level 5 of the Dungeon
  4611 | D:5      | Found Baesidu's Antique Armour Boutique.
  4617 | D:5      | Noticed wotkd0121004's ghost (novice OpEE)
  4632 | D:5      | Killed wotkd0121004's ghost
  4632 | D:5      | Reached skill level 5 in Fighting
  4632 | D:5      | Reached XP level 8. HP: 65/65 MP: 8/8
  4812 | D:5      | Found a sparkling altar of Nemelex Xobeh.
  4956 | D:5      | Noticed Grinder
  4963 | D:5      | Paralysed by Grinder for 2 turns
  4979 | D:5      | Killed Grinder
  4979 | D:5      | Reached skill level 5 in Armour
  5598 | D:6      | Found Doemor's Antique Armour Emporium.
  5666 | D:6      | Reached skill level 6 in Fighting
  6177 | D:6      | Noticed Prince Ribbit
  6191 | D:6      | Killed Prince Ribbit
  6191 | D:6      | Reached skill level 7 in Fighting
  6191 | D:6      | Reached XP level 9. HP: 47/75 MP: 9/9
  6452 | D:6      | Reached * piety under Makhleb
  6620 | D:6      | Was forgiven by Vehumet
  6829 | D:6      | Found a staircase to the Ecumenical Temple.
  7097 | D:7      | Reached skill level 8 in Fighting
  7230 | D:7      | Found Haufricw's Armour Boutique.
  7238 | D:7      | Bought a +2 pair of gloves of strength for 236 gold pieces
  7420 | D:7      | Reached skill level 9 in Fighting
  7428 | D:7      | Reached skill level 1 in Invocations
  7508 | D:7      | Reached skill level 1 in Evocations
  8013 | D:8      | Reached ** piety under Makhleb
  8166 | D:8      | Reached skill level 5 in Invocations
  8483 | D:8      | Reached XP level 10. HP: 68/87 MP: 14/14
  9063 | D:9      | Reached skill level 5 in Evocations
  9097 | D:9      | Gained mutation: Your body sometimes deteriorates upon taking damage. [mutagenic glow]
  9151 | D:9      | Reached skill level 1 in Long Blades
  9393 | D:9      | Found an opulent altar of Gozag.
  9817 | D:10     | Entered Level 10 of the Dungeon
  9861 | D:10     | Reached *** piety under Makhleb
  9933 | D:10     | Reached skill level 5 in Long Blades
  9945 | D:10     | Noticed a two-headed ogre
  9968 | D:10     | Killed a two-headed ogre
 10110 | D:10     | Noticed an oklob plant
 10112 | D:10     | Found a staircase to the Lair.
 10138 | D:10     | Reached skill level 1 in Dodging
 10915 | D:11     | Found Juluh's Weapon Boutique.
 10961 | D:11     | Reached XP level 11. HP: 93/93 MP: 16/16
 10992 | D:11     | Reached **** piety under Makhleb
 11031 | D:11     | Reached skill level 5 in Dodging
 11285 | D:11     | Noticed a two-headed ogre
 11292 | D:11     | Killed a two-headed ogre
 11308 | D:11     | Noticed a five-headed hydra
 11342 | D:11     | Killed a 19-headed hydra
 11572 | D:11     | Noticed a brown ugly thing
 11578 | D:11     | Killed a brown ugly thing
 11627 | D:11     | Lost mutation: Your body sometimes deteriorates upon taking damage. [potion of mutation]
 11627 | D:11     | Gained mutation: Your flesh is heat resistant. (rF+) [potion of mutation]
 11627 | D:11     | Gained mutation: You have very sharp teeth. [potion of mutation]
 11627 | D:11     | Gained mutation: You have large cloven feet. [potion of mutation]
 11720 | D:12     | Found a staircase to the Orcish Mines.
 11938 | D:12     | Reached ***** piety under Makhleb
 12000 | D:12     | Slain by a meliai

Skill      XL: |  1  2  3  4  5  6  7  8  9 10 11 |
---------------+----------------------------------+-----
Axes           | 2 3 4 5 7 |  7.2
Armour         | 4 6 7 |  7.4
Fighting       | 5 7 9 |  9.1
Invocations    | 5 7 |  7.1
Evocations     | 4 5 |  5.0
Long Blades    | 6 8 |  8.6
Dodging        | 3 6 |  6.0
Shields        | |  2.6

Action                   |  1- 3 |  4- 6 |  7- 9 | 10-12 || total
-------------------------+-------+-------+-------+-------++-------
Melee: War axe           |   110 |   202 |   324 |   180 ||   816
       Long sword        |       |       |       |   198 ||   198
       Kick              |       |       |       |    26 ||    26
       Bite              |       |       |       |     7 ||     7
Invok: Renounce Religion |       |     1 |       |       ||     1
       Lesser Servant of |       |       |       |     1 ||     1
Evoke: Wand              |       |       |       |     2 ||     2
       Lamp of fire      |       |       |       |     1 ||     1
  Use: Scroll            |       |     3 |     4 |     5 ||    12
       Potion            |       |       |     5 |     6 ||    11
 Stab: Paralysed         |       |       |       |    17 ||    17
  Eat: Chunk             |     1 |     8 |    12 |    13 ||    34
       Ration            |       |       |     1 |       ||     1
Armor: Scale mail        |    69 |    99 |    52 |       ||   220
       Plate armour      |       |       |   145 |   224 ||   369
       Skin              |       |       |       |    15 ||    15
Dodge: Dodged            |    31 |    61 |    66 |    80 ||   238
Block: Shield            |    49 |    92 |   164 |   187 ||   492
       Rpst.: Long sword |       |       |       |    14 ||    14
